 Dungeon Crawl Stone Soup version 0.27.0-1-g7a089689b8 (webtiles) character file.

Game seed: 18174193177089443528

18 Spectrina the Ducker (level 2, -1/18 HPs)
             Began as a Deep Elf Monk on Aug 12, 2021.
             Slain by a quokka (4 damage)
             ... on level 2 of the Dungeon.
             The game lasted 00:06:43 (499 turns).

Spectrina the Ducker (Deep Elf Monk)                 Turns: 499, Time: 00:06:44

Health: -1/18      AC:  2    Str:  8    XL:     2   Next: 48%
Magic:  0/6        EV: 13    Int: 14    God:
Gold:   21         SH:  0    Dex: 17    Spells: 3/4 levels left

rFire    . . .     SeeInvis .   a - +0 short sword
rCold    . . .     Faith    .   (no shield)
rNeg     . . .     Spirit   .   b - +0 robe
rPois    .         Reflect  .   (no helmet)
rElec    .         Harm     .   (no cloak)
rCorr    .         Rampage  .   (no gloves)
Will     .....                  (no boots)
Stlth    ++........             (no amulet)
HPRegen  0.06/turn              (no ring)
MPRegen  0.10/turn              (no ring)

@: no status effects
A: no striking features
a: no special abilities


You were on level 2 of the Dungeon.
You visited 1 branch of the dungeon, and saw 2 of its levels.

You collected 21 gold pieces.

Inventory:

Hand Weapons
 a - a +0 short sword (weapon)
 f - a +0 dagger
 g - a +0 spear
Missiles
 c - 58 stones (quivered)
Armour
 b - a +0 robe (worn)
Scrolls
 e - a scroll of teleportation {unknown}


   Skills:
 - Level 2.4 Fighting
 - Level 3.0 Short Blades
 - Level 3.6 Dodging
 - Level 2.7 Stealth
 + Level 1.7 Spellcasting
 * Level 1.4 Summonings


You had 3 spell levels left.
You knew the following spells:

 Your Spells              Type           Power      Damage    Failure   Level
p - Summon Small Mammal   Summ           20%        N/A       13%         1

Your spell library contained the following spells:

 Spells                   Type           Power      Damage    Failure   Level
 Call Canine Familiar     Summ           5%         N/A       36%         3
 Summon Guardian Golem    Hex/Summ       3%         N/A       47%         3


Dungeon Overview and Level Annotations

Branches:
Dungeon (2/15)

Altars:


Message History

Your bat hits the jackal but does no damage.
You aren't carrying any potions.
Unknown command.
Your bat closely misses the jackal.
The jackal barely misses you.
Your bat hits the quokka but does no damage.
The jackal bites you but does no damage.
The jackal closely misses you.
Casting: Summon Small Mammal (safe; 13% risk of failure)
Confirm with . or Enter, or press ? or * to list all spells.
You feel a surge of power!
You miscast Summon Small Mammal.
You are very lightly contaminated with residual magic.
Nothing appears to happen.
The jackal barely misses you. The jackal closely misses you.
Unknown command.
The jackal misses you.
Your bat closely misses the quokka.
You feel a little less clever now.
Your bat hits the quokka but does no damage.
The jackal closely misses you.
Your magical contamination has completely faded away.
Casting: Summon Small Mammal (safe; 13% risk of failure)
Confirm with . or Enter, or press ? or * to list all spells.
Okay, then.
Your bat misses the jackal. The quokka barely misses you.
Your bat hits the jackal.
The jackal bites you but does no damage.
Your bat barely misses the quokka.
Your bat closely misses the jackal.
Casting: Summon Small Mammal (safe; 13% risk of failure)
Confirm with . or Enter, or press ? or * to list all spells.
Your bat misses the quokka. The jackal barely misses you.
The quokka closely misses you. The jackal misses you.
Unknown command.
Your bat misses the quokka.
Your bat completely misses the quokka.
The jackal bites you.
* * * LOW HITPOINT WARNING * * *
Your bat barely misses the jackal.
Unknown command.
Your bat disappears in a puff of smoke!
The jackal barely misses you. The quokka bites you.
You die...

...# ....##.##.# #+##
#(.....†# #.....r<#
####.##.# #.##?#
####.##.####
###########†....r.....
#.....r....###.##.###
#.....h@...'..$.......
######...b......###.##...##
#........§......###.# ..#
#..........†.....#### .#
#..............(.# ..
#................# #
#................#
#................##
#...................


You could see a quokka (ally target), a jackal and a friendly bat (summoned).

Vanquished Creatures
  A dart slug (D:1)
  A bat (D:1)
  2 goblins (D:1)
  A hobgoblin (D:2)
  A jackal (D:2)
  A kobold (D:1)
  A quokka (D:1)
  A ball python (D:1)
  A rat (D:1)
10 creatures vanquished.

Vanquished Creatures (collateral kills)
  A ball python (D:1)
  A giant cockroach (D:1)
  2 goblins (D:1)
  A hobgoblin (D:1)
  2 jackals (D:2)
  A quokka (D:1)
8 creatures vanquished.

Grand Total: 18 creatures vanquished

Notes
Turn   | Place    | Note
-------+----------+-------------------------------------------
     0 | D:1      | Spectrina the Deep Elf Monk began the quest for the Orb.
     0 | D:1      | Reached XP level 1. HP: 13/13 MP: 3/3
   115 | D:1      | Reached skill level 1 in Spellcasting
   119 | D:1      | Learned a level 1 spell: Summon Small Mammal
   174 | D:1      | Reached XP level 2. HP: 18/18 MP: 6/6
   195 | D:1      | Reached skill level 1 in Summonings
   499 | D:2      | Slain by a quokka

Illustrated notes

Levels and vault maps discovered:
D:1:      dpeg_arrival_rhombi, layout_rooms, hangedman_decor_peaks_small,
          minmay_tripent
D:2:      layout_basic, uniq_terence

Skill      XL: |  1  2 |
---------------+-------+-----
Spellcasting   | 1 |  1.7
Summonings     | 1 |  1.4
Fighting       | |  2.4
Short Blades   | |  3.0
Dodging        | |  3.6
Stealth        | |  2.7

Action                   || total
-------------------------++-------
Melee: Short sword       ||    41
 Cast: Summon Small Mamm ||    23
  Use: Potion            ||     1
 Stab: Sleeping          ||     3
Armor: Robe              ||    10
Dodge: Dodged            ||    48
